 Dungeon Crawl Stone Soup version 0.24-a0-22-g2a401c0 (webtiles) character file.

Game seed: 6675178734426736513

234 Mangle the Chucker (level 6, -1/61 HPs)
             Began as an Ogre Hunter on Feb 1, 2019.
             Slain by Grinder (7 damage)
             ... on level 3 of the Dungeon.
             The game lasted 00:09:17 (4081 turns).

Mangle the Chucker (Ogre Hunter)                    Turns: 4081, Time: 00:09:18

Health: -1/61      AC:  3    Str: 19    XL:     6   Next: 5%
Magic:  6/6        EV: 10    Int: 12    God:
Gold:   202        SH:  0    Dex:  9    Spells: 5/5 levels left

rFire    . . .     SeeInvis .   c - +0 whip (drain)
rCold    . . .     Gourm    .   (no shield)
rNeg     . . .     Faith    .   b - +0 robe
rPois    .         Spirit   .   (helmet restricted)
rElec    .         Reflect  .   (no cloak)
rCorr    .         Harm     .   (gloves unavailable)
MR       .....                  (boots unavailable)
Stlth    +.........             (no amulet)
HPRegen  0.20/turn              (no ring)
MPRegen  0.10/turn              (no ring)

@: no status effects
A: large, unfitting armour, tough skin 1
a: no special abilities


You were on level 3 of the Dungeon.
You were hungry.

You visited 1 branch of the dungeon, and saw 3 of its levels.

You collected 202 gold pieces.

Inventory:

Hand Weapons
 a - a +0 short sword
 c - a +0 whip of draining (weapon)
 s - a +0 spear
Missiles
 d - 2 throwing nets (quivered)
 l - 93 stones
 r - 5 poisoned tomahawks
 t - 4 tomahawks
Armour
 b - a +0 robe (worn)
 n - a +0 pair of boots
Scrolls
 e - 2 scrolls of remove curse {unknown}
 g - a scroll of fog {unknown}
 i - a scroll of identify {unknown}
 j - a scroll of teleportation {unknown}
 k - a scroll of amnesia {unknown}
Potions
 u - a potion of heal wounds {unknown}
Comestibles
 f - 7 rations


   Skills:
 + Level 3.6 Fighting
 + Level 6.4 Throwing
 + Level 2.7 Dodging
 - Level 0.6 Stealth


You had 5 spell levels left.
You didn't know any spells.
Your spell library was empty.

Dungeon Overview and Level Annotations

Branches:
Dungeon (3/15)

Altars:
Dithmenos
Elyvilon
Fedhas
Gozag
Qazlal
Ru
Vehumet
The Shining One

Annotations:
D:2 exclusion: downstairs
D:3 Grinder


Innate Abilities, Weirdness & Mutations

You are too large for most types of armour.
You have tough skin. (AC +1)


Message History

Grinder barely misses you.
Unknown command.
It was a potion of haste.
You feel yourself speed up. Grinder hits you.
* * * LOW HITPOINT WARNING * * *
You hit Grinder.
Grinder is moderately wounded.
Grinder says, "DUCK!"
Grinder hits you!
* * * LOW HITPOINT WARNING * * *
You hit Grinder but do no damage.
Grinder is moderately wounded.
It was a potion of flight.
You feel very buoyant.
You fly up into the air.
Grinder closely misses you.
It was a potion of cancellation.
Your magical effects are unravelling.
You feel magically purged.
You feel yourself slow down.
You float gracefully downwards.
Grinder hits you!
You die...

#.......... #.#########
#####################.#########
#..............................
#.###################.######..#
#.# #.# #...... #.# #########
#.# #...... #.# ...((..5# #.#
#...... #.# ###@######.#
#...... #.# #........#.#
#.....( #.# #.#.####.#.#
#...... #.#####.# #.#.#
#+###...... #.......# #.#.#
.......... #..#########.#.#
.......... #..##........#.#
.....##..# #..##.########.#
'####..).. #>........... ..
####.##


You could see Grinder.

Vanquished Creatures
  A howler monkey (D:3)
  Terence (D:2)
  7 gnolls
  4 adders
  An ooze (D:3)
  4 worms
  2 leopard geckos
  5 giant cockroaches
  3 goblins
  4 hobgoblins
  6 kobolds
  3 quokkas (D:3)
  4 bats
  4 frilled lizards
  9 rats
58 creatures vanquished.

Notes
Turn   | Place    | Note
-------+----------+-------------------------------------------
     0 | D:1      | Mangle the Ogre Hunter began the quest for the Orb.
     0 | D:1      | Reached XP level 1. HP: 22/22 MP: 1/1
    95 | D:1      | Reached XP level 2. HP: 24/29 MP: 2/2
  1096 | D:2      | Reached XP level 3. HP: 36/36 MP: 3/3
  1099 | D:2      | Reached skill level 5 in Throwing
  1103 | D:2      | Reached XP level 4. HP: 25/44 MP: 4/4
  1103 | D:2      | Noticed Terence
  1134 | D:2      | Killed Terence
  2023 | D:2      | Found a faded altar of an unknown god.
  2397 | D:2      | Found a shadowy altar of Dithmenos.
  2401 | D:2      | Found a blossoming altar of Fedhas.
  2402 | D:2      | Found a white marble altar of Elyvilon.
  2403 | D:2      | Found an opulent altar of Gozag.
  2403 | D:2      | Found a stormy altar of Qazlal.
  2405 | D:2      | Found a glowing golden altar of the Shining One.
  2406 | D:2      | Found a sacrificial altar of Ru.
  2408 | D:2      | Found a radiant altar of Vehumet.
  2792 | D:3      | Reached XP level 5. HP: 53/53 MP: 5/5
  2860 | D:3      | Reached skill level 6 in Throwing
  3792 | D:3      | Reached XP level 6. HP: 61/61 MP: 6/6
  4064 | D:3      | Noticed Grinder
  4068 | D:3      | Paralysed by Grinder for 5 turns
  4081 | D:3      | Slain by Grinder

Vault maps used:
D:1:      saegor_arrival_under_anarchy
D:2:      minitemple, chequers_ecumenical_altar_simple_redux,
          kennysheep_generic_room_10, uniq_terence
D:3:      uniq_grinder

Skill      XL: |  1  2  3  4  5 |
---------------+----------------+-----
Dodging        | 2 |  2.7
Throwing       | 5 6 |  6.4
Fighting       | 3 |  3.6
Stealth        | |  0.6

Action                   |  1- 3 |  4- 6 || total
-------------------------+-------+-------++-------
Melee: Short sword       |    60 |    46 ||   106
       Whip              |       |    43 ||    43
Throw: Stone             |    32 |   124 ||   156
       Throwing net      |     2 |     1 ||     3
       Large rock        |     4 |    12 ||    16
       Tomahawk          |       |     9 ||     9
  Use: Potion            |       |     3 ||     3
 Stab: Sleeping          |       |     2 ||     2
  Eat: Chunk             |     1 |     8 ||     9
Armor: Robe              |    17 |    30 ||    47
Dodge: Dodged            |    28 |    60 ||    88

Table legend:
 A = Non-vault XP
 B = Vault XP
 C = Vault XP percentage of total XP
 D = Non-vault monster count
 E = Vault monster count
 F = Vault count percentage of total count
                 A         B        C        D         E       F
            +---------+---------+-------+---------+---------+-------
      Total |     297 |      38 |  11.3 |      56 |       2 |   3.4
            +---------+---------+-------+---------+---------+-------
        D:1 |      31 |       0 |   0.0 |      20 |       0 |   0.0
        D:2 |      95 |      38 |  28.6 |      18 |       2 |  10.0
        D:3 |     171 |       0 |   0.0 |      18 |       0 |   0.0
            +---------+---------+-------+---------+---------+-------
